 Seeded DCSS version 0.30.1-11-g7821555f0a (webtiles) character file.

Game seed: 6351066067085065685 (custom seed)

596 Esekla the Thaumaturge (level 7, -12/36 HPs)
             Began as a Deep Elf Wanderer on Oct 29, 2023.
             Was a Believer of Vehumet.
             Mangled by an ogre
             ... wielding a +0 giant club
              (29 damage)
             ... on level 5 of the Dungeon.
             The game lasted 00:28:28 (3722 turns).

Esekla the Thaumaturge (Deep Elf Wanderer)          Turns: 3722, Time: 00:28:29

Health: -12/36     AC:  4    Str: 11    XL:     7   Next: 17%
Magic:  13/20      EV: 12    Int: 20    God:    Vehumet [**....]
Gold:   276        SH:  4    Dex: 11    Spells: 15/22 levels left

rFire   . . .        a - +2 dagger (vamp)
rCold   . . .        d - +0 buckler
rNeg    . . .        c - +0 robe
rPois   .            m - +0 helmet
rElec   .            (no cloak)
rCorr   .            l - +0 pair of gloves
SInv    .            (no boots)
Will    .....        B - amulet of magic regeneration
Stlth   ++           (no ring)
HPRegen 0.26/turn    (no ring)
MPRegen 0.57/turn

%: no passive effects
@: very slightly contaminated
A: no striking features
a: Renounce Religion


You were on level 5 of the Dungeon.
You worshipped Vehumet.
Vehumet was pleased with you.
You visited 1 branch of the dungeon, and saw 6 of its levels.

You collected 276 gold pieces.

Inventory:

Hand Weapons
 a - a +2 vampiric dagger (weapon)
 r - a +0 trident
 s - the +5 rapier of the Hero {heavy, rN+ Dex+3}
   (You found it on level 3 of the Dungeon)

   Dex:       It affects your dexterity (+3).
   rN:        It protects you from negative energy.
Missiles
 C - 7 poisoned darts (quivered)
Armour
 c - a +0 robe (worn)
 d - a +0 buckler (worn)
 l - a +0 pair of gloves (worn)
 m - a +0 helmet (worn)
Jewellery
 B - an amulet of magic regeneration (around neck)
Wands
 i - a wand of roots (12)
 z - a wand of flame (15)
Scrolls
 g - 4 scrolls of identify {unknown}
 o - a scroll of silence {unknown}
 p - a scroll of magic mapping {unknown}
 t - 2 scrolls of fear
 u - 2 scrolls of blinking {unknown}
 v - 3 scrolls of enchant weapon {unknown}
 w - 2 scrolls of amnesia {unknown}
 x - a scroll of enchant armour {unknown}
 y - a scroll of immolation {unknown}
 A - 2 scrolls of fog {unknown}
Potions
 b - 2 potions of lignification
 e - a potion of ambrosia {unknown}
 f - 2 potions of attraction {unknown}
 h - a potion of heal wounds {unknown}
 j - a potion of haste {unknown}
 k - 5 potions of curing {unknown}
 n - a potion of mutation {unknown}
 q - 3 potions of brilliance {unknown}


   Skills:
 + Level 1.0 Short Blades
 + Level 0.6 Throwing
 * Level 3.2 Dodging
 + Level 1.4 Stealth
 + Level 1.9 Shields
 * Level 8.3 Spellcasting
 + Level 1.2 Conjurations
 * Level 3.4 Necromancy
 + Level 2.7 Translocations
 + Level 1.0 Invocations
 + Level 1.0 Evocations


You had 15 spell levels left.
You knew the following spells:

 Your Spells              Type           Power      Damage    Failure   Level
a - Magic Dart            Conj           52%        1d5       7%          1
b - Blink                 Tloc           38%        N/A       6%          2
d - Vampiric Draining     Necr           22%        2d7       9%          3
p - Apportation           Tloc           38%        N/A       3%          1

Your spell library contained the following spells:

 Spells                   Type           Power      Damage    Failure   Level
 Foxfire                  Conj/Fire      40%        2x1d6     10%         1
 Lesser Beckoning         Tloc           38%        N/A       6%          2
 Gell's Gravitas          Tloc           19%        N/A       12%         3
 Teleport Other           Tloc           19%        N/A       12%         3
 Ignite Poison            Fire/Tmut/Pois 8%         N/A       34%         3
 Spider Form              Tmut/Pois      8%         N/A       34%         3
 Cause Fear               Hex            4%         N/A       75%         4
 Summon Mana Viper        Hex/Summ       8%         N/A       97%         5


Dungeon Overview and Level Annotations

Branches:
Dungeon (6/15)
 Temple: D:4-7

Altars:
Dithmenos
Hepliaklqana
Okawaru
Qazlal
Trog
Vehumet
Zin
The Shining One

Shops:
D:2 =   D:4 (


Message History

You closely miss the hound.
The hound is severely wounded.
The hound bites you.
You closely miss the hound.
The hound is severely wounded.
The ogre looks more healthy.
The hound bites you but does no damage. The hound completely misses you.
You closely miss the hound.
The hound is severely wounded.
The hound looks more healthy.
The hound bites you.
Casting: Magic Dart (safe; 8% risk of failure)
Confirm with . or Enter, or press ? or * to list all spells.
Aiming: Vampiric Draining (dangerous; 9% risk of failure)
Press: ? - help, Shift-Dir - straight line, f - hound, p - ogre
Aim: a hound (almost dead)
You miscast Vampiric Draining.
You are very lightly contaminated with residual magic.
Nothing appears to happen.
The hound misses you. The hound closely misses you.
Casting: Vampiric Draining (dangerous; 9% risk of failure)
Confirm with . or Enter, or press ? or * to list all spells.
Aiming: Vampiric Draining (dangerous; 9% risk of failure)
Press: ? - help, Shift-Dir - straight line, f/p - hound
Aim: a hound (almost dead)
You draw life force from the hound!
You kill the hound!
Vehumet accepts your kill.
You feel life coursing into your body.
You hit the ogre.
You feel better.
The ogre is moderately wounded.
The ogre hits you with a +0 giant club!!
Ouch! That really hurt!
Casting: Vampiric Draining (dangerous; 9% risk of failure)
Confirm with . or Enter, or press ? or * to list all spells.
Aiming: Vampiric Draining (dangerous; 9% risk of failure)
Press: ? - help, Shift-Dir - straight line, f - ogre
Aim: an ogre, wielding a +0 giant club (moderately wounded)
You draw life force from the ogre.
You feel life coursing into your body.
The ogre hits you with a +0 giant club!!
Ouch! That really hurt!
You die...

##.####.# #.# #
......#.# #O...#
..###.#.# ##.(.#
..# #...######...#
..###............#
..>...#.######.#.#
.....##.# #.#(#
.###.##.# #.#O# .#
#.##.# #.#@#
.###.##.# #...#
#...)...######...#
##...............#
##†.#####.####.##
##.#.# #.# #.#
#.##.#####.####.#
........^......>#
.......###.######


You could see an ogre.

Vanquished Creatures
  2 scorpions (D:5)
  4 hounds
  4 iguanas
  A sleepcap (D:5)
  8 gnolls
  8 adders
  A white imp (D:5)
  A worm (D:4)
  3 dart slugs
  9 orcs
  4 endoplasms
  8 goblins
  5 hobgoblins
  A quokka (D:1)
  6 ball pythons
  4 bats
  4 frilled lizards
  5 kobolds
  A rat (D:2)
79 creatures vanquished.

Notes
Turn   | Place    | Note
-------+----------+-------------------------------------------
     0 | D:1      | Esekla the Deep Elf Wanderer began the quest for the Orb.
     0 | D:1      | Esekla set off with the following items: a +0 club, a
                  | potion of lignification, a +0 robe, a +0 buckler; and the
                  | following spells available to memorise: Apportation, Blink,
                  | Lesser Beckoning, Magic Dart, Ignite Poison, Vampiric
                  | Draining.
     0 | D:1      | Reached XP level 1. HP: 10/10 MP: 7/7
     2 | D:1      | Learned a level 1 spell: Magic Dart
     4 | D:1      | Learned a level 1 spell: Apportation
   439 | D:4      | Found a radiant altar of Vehumet.
   447 | D:4      | Found an iron altar of Okawaru.
   458 | D:4      | Found a glowing silver altar of Zin.
   542 | D:4      | Became a worshipper of Vehumet
   605 | D:4      | Noticed a gnoll bouda
   613 | D:5      | Entered Level 5 of the Dungeon
   616 | D:5      | Got the Parchment of the Lumpy Olives
   644 | D:5      | Found a shadowy altar of Dithmenos.
   779 | D:5      | Noticed an iguana
   788 | D:5      | Killed an iguana
   789 | D:5      | Reached skill level 5 in Spellcasting
   789 | D:5      | Reached XP level 2. HP: 15/15 MP: 8/10
   789 | D:5      | Reached XP level 3. HP: 19/19 MP: 9/12
   792 | D:5      | Learned a level 2 spell: Blink
   796 | D:5      | Learned a level 3 spell: Vampiric Draining
   990 | D:5      | Reached skill level 1 in Evocations
  1090 | D:4      | Found Ponaysk's Antique Weapon Boutique.
  1464 | D:3      | Identified the +5 rapier of the Hero {heavy, rN+ Dex+3}
  1542 | D:2      | Found Renulab's Jewellery Shop.
  1582 | D:2      | Reached skill level 1 in Necromancy
  1735 | D:1      | Reached XP level 4. HP: 24/24 MP: 8/13
  1745 | D:1      | Reached * piety under Vehumet
  1745 | D:1      | Offered knowledge of Kiss of Death by Vehumet.
  1863 | D:1      | Reached skill level 1 in Dodging
  2103 | D:2      | Found a faded altar of an unknown god.
  2142 | D:2      | Reached skill level 6 in Spellcasting
  2142 | D:2      | Reached XP level 5. HP: 28/28 MP: 13/15
  2177 | D:2      | Noticed a black bear
  2471 | D:3      | Found a stormy altar of Qazlal.
  2494 | D:3      | Found a bloodstained altar of Trog.
  2497 | D:3      | Found a hazy altar of Hepliaklqana.
  2725 | D:3      | Offered knowledge of Foxfire by Vehumet.
  2862 | D:4      | Reached ** piety under Vehumet
  2993 | D:4      | Reached skill level 1 in Conjurations
  3061 | D:4      | Found a glowing golden altar of the Shining One.
  3105 | D:4      | Reached skill level 7 in Spellcasting
  3105 | D:4      | Reached XP level 6. HP: 28/32 MP: 15/18
  3590 | D:5      | Reached skill level 8 in Spellcasting
  3590 | D:5      | Reached XP level 7. HP: 32/36 MP: 13/20
  3599 | D:5      | Reached skill level 1 in Short Blades
  3722 | D:5      | Mangled by an ogre

Illustrated notes

Levels and vault maps discovered:
D:1:      sevenhm_arrival_forest_fort_small_3, layout_rooms,
          chequers_serial_rivers_room_b, minmay_misc_feat_five
D:2:      layout_loops_ring, dreamdust_ecumenical_altar_angels_and_demons,
          serial_shops, shop
D:3:      layout_basic, grunt_temple_overflow_open, minmay_misc_feat_iff
D:4:      layout_basic, nicolae_overflow_quartered_altars, serial_shops,
          nicolae_diamond_shop
D:5:      layout_loops_ring, lemuel_doored_altar, minmay_misc_feat_rows,
          dreamdust_wishing_well
D:6:      layout_loops_cross, fedhas_altar_fruit_tree,
          minmay_temple_entry_glass, uniq_pikel, uniq_blork_the_orc

Skill      XL: |  1  2  3  4  5  6  7 |
---------------+----------------------+-----
Spellcasting   | 5 6 7 8 |  8.3
Evocations     | 1 |  1.0
Necromancy     | 1 2 3 |  3.4
Dodging        | 1 2 3 |  3.2
Conjurations   | 1 |  1.2
Short Blades   | 1 |  1.0
Throwing       | |  0.6
Stealth        | |  1.4
Shields        | |  1.9
Translocations | |  2.7
Invocations    | |  1.0

Action                     |  1- 3 |  4- 6 |  7- 9 || total
---------------------------+-------+-------+-------++-------
  Melee: Short sword       |    18 |       |       ||    18
         Rapier            |    12 |    34 |       ||    46
         Dagger            |       |    46 |    16 ||    62
  Throw: Dart              |       |     9 |     2 ||    11
   Cast: Apportation       |    50 |    14 |     3 ||    67
         Magic Dart        |    36 |    64 |     1 ||   101
         Vampiric Draining |     1 |    22 |     5 ||    28
         Blink             |       |     2 |       ||     2
  Evoke: Wand              |     4 |       |       ||     4
    Use: Scroll            |     1 |       |       ||     1
   Stab: Sleeping          |     2 |     3 |       ||     5
 Armour: Robe              |    19 |    16 |     5 ||    40
  Dodge: Dodged            |    40 |    51 |    12 ||   103
  Block: Buckler           |     7 |    18 |     1 ||    26
